Map: Pilares de Ouro LE

Players

Darkness

  • Race: Protoss Protoss
  • League: Master
  • Spawn Location: 7:00

TheZergLord - Winner!

  • Race: Zerg Zerg
  • Spawn Location: 1:00

Event: DreamHack SC2 Masters 2020 Winter

VOD

Have the link to the VOD?

Description

Time

  • Played on: Oct. 16, 2020, 8:02 p.m.
  • Length: 11:27

All games in this series

Show
View Real Time Build Order
Export as new Build Order

Darkness Protoss 

Build Orders: 1 Gate Expand, Mass Adepts 

Get SALT Encoding   

  12  0:00  Probe  
  13  0:15  Pylon  
  13  0:17  Probe (Chrono Boost)  
  14  0:27  Probe (Chrono Boost)  
  15  0:32  Probe (Chrono Boost)  
  16  0:41  Gateway  
  16  0:44  Probe  
  17  0:51  Assimilator  
  17  0:56  Probe  
  18  1:08  Probe  
  19  1:20  Probe  
  20  1:27  Nexus  
  20  1:40  Cybernetics Core  
  20  1:42  Probe  
  21  1:48  Assimilator  
  21  1:54  Probe  
  21  1:59  Pylon  
  22  2:06  Probe  
  23  2:18  Stalker (Chrono Boost), Warp Gate  
  23  2:19  Probe (Chrono Boost)  
  27  2:31  Probe (Chrono Boost)  
  27  2:35  Twilight Council  
  27  2:36  Probe (Chrono Boost)  
  27  2:41  Adept  
  27  2:42  Probe  
  31  2:45  Probe  
  32  2:54  Probe  
  32  2:57  Probe  
  34  3:04  Robotics Facility  
  34  3:07  Probe  
  34  3:09  Resonating Glaives (Chrono Boost), Probe  
  36  3:14  Gateway  
  36  3:18  Adept  
  38  3:31  Gateway  
  38  3:35  Gateway  
  38  3:38  Probe  
  38  3:39  Probe  
  40  3:45  Pylon  
  40  3:50  Warp Prism (Chrono Boost)  
  42  3:58  Pylon  
  42  3:59  Probe  
  42  4:01  Probe  
  44  4:06  Adept  
  44  4:09  Adept  
  48  4:12  Probe  
  48  4:13  Probe  
  50  4:23  Observer  
  51  4:31  Adept  
  51  4:32  Adept x3  
  51  4:35  Pylon  
  59  4:40  Probe x2  
  59  4:41  Pylon  
  61  4:54  Adept x4  
  69  5:08  Probe  
  69  5:10  Pylon  
  69  5:12  Assimilator  
  70  5:20  Adept x4  
  78  5:27  Pylon  
  78  5:34  Probe x2  
  78  5:35  Immortal (Chrono Boost)  
  80  5:42  Pylon  
  84  5:43  Pylon  
  86  5:57  Gateway  
  86  6:00  Gateway  
  84  6:05  Gateway  
  84  6:07  Adept x4  
  92  6:19  Immortal  
  92  6:23  Probe x2  
  98  6:30  Sentry x3  
  98  6:31  Adept  
  106  6:36  Pylon x2  
  106  7:03  Adept x2  
  106  7:04  Adept x5  
  120  7:13  Pylon x2  
  120  7:32  Stalker x4  
  120  7:33  Stalker x2  
  120  7:34  Stalker  
  114  8:01  Adept  
  114  8:02  Adept x6  
  88  8:39  Adept  
  88  8:40  Adept x6  
  92  8:42  Warp Prism (Chrono Boost)  
  76  9:03  Adept x4  
  76  9:04  Adept x3  
  76  9:08  Immortal (Chrono Boost)  
  86  9:25  Adept x7  
  100  9:51  Adept x7  
  104  9:55  Warp Prism  
  80  10:26  Adept x7  
  84  10:31  Immortal (Chrono Boost)  
  84  10:35  Robotics Bay  
  76  10:48  Assimilator  
  66  10:58  Adept x6  
  78  11:06  Sentry  
Show
View Real Time Build Order
Export as new Build Order

TheZergLord Zerg - Winner!

Build Orders: Hatch First 

Get SALT Encoding   

  12  0:00  Drone  
  13  0:12  Overlord  
  13  0:17  Drone  
  14  0:30  Drone x2  
  16  0:48  Drone  
  17  0:56  Hatchery  
  17  0:57  Drone  
  17  1:00  Drone  
  18  1:10  Extractor  
  17  1:16  Spawning Pool  
  16  1:19  Drone  
  16  1:23  Drone  
  18  1:31  Drone  
  19  1:40  Overlord  
  19  1:50  Drone  
  20  2:04  Queen  
  20  2:06  Zergling x2  
  20  2:07  Queen  
  26  2:08  Zergling x2  
  26  2:12  Metabolic Boost  
  26  2:15  Drone  
  27  2:20  Drone  
  28  2:25  Drone  
  28  2:29  Drone  
  30  2:42  Hatchery  
  29  2:50  Drone x2  
  30  2:59  Drone x3  
  30  3:02  Overlord  
  33  3:07  Queen  
  33  3:10  Drone  
  36  3:22  Drone x2  
  36  3:23  Overlord  
  36  3:24  Drone  
  36  3:25  Drone x2  
  41  3:33  Drone  
  42  3:37  Spore Crawler  
  42  3:38  Drone  
  42  3:43  Queen  
  42  3:45  Drone  
  42  3:46  Drone  
  46  3:49  Drone  
  46  3:53  Drone x3  
  46  3:55  Queen  
  52  4:03  Roach Warren  
  52  4:06  Spine Crawler  
  50  4:14  Zergling x10  
  50  4:15  Zergling x2  
  56  4:18  Overlord  
  55  4:29  Zergling x4  
  57  4:32  Overlord x3  
  57  4:37  Zergling x6  
  57  4:38  Zergling x2  
  61  4:45  Zergling x6  
  63  4:46  Zergling x2  
  63  4:49  Overlord  
  65  4:53  Roach x3  
  71  5:08  Zergling x6, Roach  
  71  5:09  Roach x4  
  84  5:19  Overlord  
  84  5:21  Spore Crawler x2  
  82  5:22  Spore Crawler, Overlord  
  82  5:23  Roach  
  83  5:36  Roach x4  
  83  5:37  Roach  
  83  5:39  Roach  
  95  5:54  Roach x3  
  101  6:08  Drone x3  
  101  6:09  Drone x4  
  101  6:11  Extractor  
  106  6:12  Extractor  
  106  6:13  Evolution Chamber  
  100  6:24  Drone x6  
  103  6:33  Drone x2  
  103  6:34  Lair  
  103  6:38  Drone x2  
  107  6:41  Drone  
  108  6:52  Drone x4  
  108  6:53  Drone x2  
  114  6:56  Overlord  
  114  7:01  Overlord  
  114  7:09  Extractor  
  114  7:12  Extractor  
  112  7:16  Ravager x4  
  112  7:18  Roach x2  
  112  7:19  Zergling x12  
  112  7:20  Zergling x2  
  129  7:30  Roach, Zergling x2  
  129  7:31  Overlord  
  129  7:32  Overlord x3  
  111  7:59  Roach  
  111  8:00  Roach x11  
  134  8:08  Roach x2  
  134  8:09  Roach x3  
  142  8:17  Roach x5  
  124  8:27  Roach x3  
  109  8:40  Roach x2  
  109  8:41  Roach x4  
  117  8:47  Roach x2  
  117  8:48  Roach x2  
  105  8:54  Roach x3  
  95  9:04  Roach x2  
  95  9:05  Roach  
  95  9:08  Glial Reconstitution  
  95  9:19  Zergling x6  
  98  9:25  Zergling x6  
  98  9:26  Ravager x2  
  98  9:30  Ravager  
  104  9:31  Zergling x2  
  104  9:32  Zergling x10  
  104  9:37  Zergling x10  
  115  9:41  Ravager  
  111  9:57  Roach x5  
  111  9:58  Roach x2  
  113  10:10  Roach x5  
  113  10:11  Roach  
  119  10:20  Roach x3  
  114  10:25  Roach x2  
  117  10:35  Roach x4  
  120  10:46  Drone x2  
  120  10:47  Drone  
  120  10:58  Roach x5  
  120  11:02  Roach x3  
  134  11:08  Roach x2  
  138  11:15  Drone x3  
Tags
 
Add a new tag
Caveats
  • Supply blocks, unpowered buildings, or Contaminate may cause inaccurate times.
  • Supply counts are checked every 10 seconds.